 Dungeon Crawl Stone Soup version 0.31.0-11-ge490571c62 (webtiles) character file.

Game seed: 6393901607880204672

14 browni3141 the Conjurer (level 2, 19/19 HPs)
             Began as a Demonspawn Conjurer on Jan 29, 2024.
             Got out of the dungeon alive.
             The game lasted 00:00:39 (503 turns).

browni3141 the Conjurer (Demonspawn Conjurer)        Turns: 503, Time: 00:00:40

Health: 19/19      AC:  2    Str:  7    XL:     2   Next: 31%
Magic:  5/5        EV: 12    Int: 18    God:
Gold:   73         SH:  0    Dex: 11    Spells: 4/5 levels left

rFire   . . .        (no weapon)
rCold   . . .        (no shield)
rNeg    . . .        a - +0 robe
rPois   .            (no helmet)
rElec   .            (no cloak)
rCorr   .            (no gloves)
SInv    .            (no boots)
Will    .....        (no amulet)
Stlth   ++           (no ring)
HPRegen 0.23/turn    (no ring)
MPRegen 0.09/turn

%: no passive effects
@: no status effects
A: foul stench 1
a: no special abilities


You escaped.
You visited 1 branch of the dungeon, and saw 1 of its levels.

You collected 73 gold pieces.

Inventory:

Armour
 a - a +0 robe (worn)
Scrolls
 d - a scroll of teleportation {unknown}
 g - a scroll of enchant armour {unknown}
Potions
 b - a potion of magic
 c - 2 potions of heal wounds {unknown}
 e - a potion of curing {unknown}
 f - a potion of lignification {unknown}


   Skills:
 + Level 2.0 Dodging
 + Level 2.1 Stealth
 + Level 2.2 Spellcasting
 + Level 4.1 Conjurations


You had 4 spell levels left.
You knew the following spells:

 Your Spells              Type           Power      Damage    Failure   Level
a - Magic Dart            Conj           64%        1d6       3%          1

Your spell library contained the following spells:

 Spells                   Type           Power      Damage    Failure   Level
 Searing Ray              Conj           32%        2d5       4%          2
 Fulminant Prism          Conj/Alch      4%         3d5       58%         4
 Iskenderun's Mystic Bla  Conj/Tloc      9%         2d4       58%         4


Dungeon Overview and Level Annotations

Branches:
Dungeon (1/15)

Altars:


Innate Abilities, Weirdness & Mutations

You may rarely emit foul miasma when damaged in melee.


Message History

The hobgoblin shouts!
The magic dart hits the hobgoblin but does no damage.
The magic dart hits the hobgoblin.
You kill the hobgoblin!
The magic dart hits the giant cockroach but does no damage.
You are out of magic!
You are out of magic!
You are out of magic!
A quokka comes into view.
You hit the giant cockroach but do no damage.
The giant cockroach closely misses you.
You barely miss the giant cockroach. The giant cockroach barely misses you.
You completely miss the giant cockroach.
The giant cockroach misses you.
The giant cockroach bites you but does no damage.
The quokka bites you but does no damage.
You hit the quokka but do no damage.
The giant cockroach bites you but does no damage.
The quokka bites you.
You hit the giant cockroach but do no damage.
The giant cockroach misses you. The quokka barely misses you.
You hit the giant cockroach but do no damage.
The giant cockroach barely misses you.
The quokka bites you but does no damage.
The giant cockroach bites you but does no damage.
The quokka attacks as it pursues you!
The quokka bites you but does no damage.
The giant cockroach attacks as it pursues you!
The giant cockroach bites you. x2
The magic dart hits the giant cockroach.
The giant cockroach is moderately wounded.
The giant cockroach barely misses you.
You are out of magic!
You are out of magic!
You hit the giant cockroach.
The giant cockroach is severely wounded.
The giant cockroach bites you.
You closely miss the giant cockroach.
The giant cockroach is severely wounded.
The giant cockroach misses you.
You closely miss the giant cockroach.
The giant cockroach is severely wounded.
The giant cockroach misses you. The giant cockroach bites you.
You barely miss the giant cockroach.
The giant cockroach is heavily wounded.
The giant cockroach bites you but does no damage.
You barely miss the giant cockroach.
The giant cockroach is heavily wounded.
The giant cockroach barely misses you.
You hit the giant cockroach but do no damage.
The giant cockroach is heavily wounded.
The giant cockroach bites you.
You barely miss the giant cockroach.
The giant cockroach is heavily wounded.
The giant cockroach closely misses you.
You closely miss the giant cockroach.
The giant cockroach is heavily wounded.
The giant cockroach bites you. The giant cockroach barely misses you.
You hit the giant cockroach but do no damage.
The giant cockroach is heavily wounded.
The giant cockroach barely misses you.
You barely miss the giant cockroach.
The giant cockroach is heavily wounded.
The giant cockroach bites you but does no damage.
The magic dart hits the giant cockroach.
The giant cockroach is almost dead.
The giant cockroach misses you.
You are out of magic!
You are out of magic!
You hit the giant cockroach but do no damage.
The giant cockroach is almost dead.
The giant cockroach bites you but does no damage.
You hit the giant cockroach but do no damage.
The giant cockroach is almost dead.
The giant cockroach closely misses you. x2
You completely miss the giant cockroach.
The giant cockroach is almost dead.
The giant cockroach closely misses you.
You barely miss the giant cockroach.
The giant cockroach is almost dead.
The giant cockroach closely misses you.
You hit the giant cockroach.
You kill the giant cockroach!
You hit the quokka but do no damage. The quokka barely misses you.
You closely miss the quokka. The quokka barely misses you.
You barely miss the quokka.
The quokka bites you but does no damage.
The quokka barely misses you.
You miss the quokka. The quokka bites you.
You hit the quokka but do no damage. Your punch misses the quokka.
The quokka bites you.
You emit a cloud of foul miasma!
You hit the quokka but do no damage.
The quokka is engulfed in dark miasma.
The quokka is poisoned.
The quokka seems to slow down.
You kill the quokka!
You can't see any susceptible monsters within range! (Use Z to cast anyway.) HP restored.
You enter the shallow water.
Moving in this stuff is going to be slow.
There is a staircase leading out of the dungeon here.
You have escaped!

........#...##..#.~≈
...####.##...#.≈..~≈≈~.#
...####.##.~..≈~~..~≈~~#
........##.~..~≈~~~.~...
..########...~~≈≈≈≈~...#
..# ####..~≈≈≈≈≈~..# ..#
##..#.~≈≈~~≈≈~..#
..#####...#.~≈~~.~~...#.
#.##......#.~≈.~@≈.~~...
#.##...####.~.~...≈≈~.##
#......# #..~≈≈.≈~~~.#
####...# ##.≈≈~~~≈~..#
#...# #..~≈~≈.....# #
#...# .~.~~~≈~..#.## ##
#...# #.....~≈~≈.##.# .#
##.###..#.....~~.. ##
.###### #...#...#.....


There were no monsters in sight!

Vanquished Creatures
  A ball python (D:1)
  2 giant cockroaches (D:1)
  3 goblins (D:1)
  2 hobgoblins (D:1)
  A kobold (D:1)
  A quokka (D:1)
  A rat (D:1)
11 creatures vanquished.

Notes
Turn   | Place    | Note
-------+----------+-------------------------------------------
     0 | D:1      | browni3141 the Demonspawn Conjurer began the quest for the
                  | Orb.
     0 | D:1      | Reached XP level 1. HP: 13/13 MP: 3/3
   186 | D:1      | Found a faded altar of an unknown god.
   326 | D:1      | Gained mutation: You may rarely emit foul miasma when
                  | damaged in melee. [demonic ancestry]
   326 | D:1      | Reached XP level 2. HP: 19/19 MP: 3/5
   503 | D:$      | Got out of the dungeon alive.

Illustrated notes

Levels and vault maps discovered:
D:1:      dpeg_arrival_subterranean_lakeside_camping, layout_basic,
          hellmonk_ecumenical_altar_inner_sanctum, minivault_24,
          minmay_tiny_reverse_x

Skill      XL: |  1 |
---------------+----+-----
Dodging        | 2 |  2.0
Stealth        | 2 |  2.1
Spellcasting   | |  2.2
Conjurations   | |  4.1

Action                     || total
---------------------------++-------
  Melee: Unarmed           ||    27
   Cast: Magic Dart        ||    17
 Armour: Robe              ||    19
  Dodge: Dodged            ||    21
